 Dungeon Crawl Stone Soup version 0.26-a0-651-gb41185065b (webtiles) character file.

Game seed: 1447170918308355457

4 jt the Magician (level 1, -2/15 HPs)
             Began as a Demonspawn Wanderer on Oct 4, 2020.
             Slain by an ooze (5 damage)
             ... on level 1 of the Dungeon.
             The game lasted 00:01:03 (122 turns).

jt the Magician (Demonspawn Wanderer)                Turns: 122, Time: 00:01:05

Health: -2/15      AC:  2    Str: 11    XL:     1   Next: 50%
Magic:  0/3        EV: 11    Int: 13    God:
Gold:   0          SH:  0    Dex: 13    Spells: 3/4 levels left

rFire    . . .     SeeInvis .   a - +0 dagger
rCold    . . .     Faith    .   (no shield)
rNeg     . . .     Spirit   .   d - +0 robe
rPois    .         Reflect  .   (no helmet)
rElec    .         Harm     .   (no cloak)
rCorr    .         Rampage  .   (no gloves)
MR       .....                  (no boots)
Stlth    ++........             (no amulet)
HPRegen  0.05/turn              (no ring)
MPRegen  0.08/turn              (no ring)

@: no status effects
A: no striking features
a: no special abilities


You were on level 1 of the Dungeon.
You visited 1 branch of the dungeon, and saw 1 of its levels.

Inventory:

Hand Weapons
 a - a +0 dagger (weapon)
Armour
 d - a +0 robe (worn)
Potions
 b - a potion of lignification


   Skills:
 - Level 1.0 Fighting
 - Level 1.0 Short Blades
 - Level 1.7 Throwing
 - Level 1.0 Stealth
 + Level 2.2 Spellcasting
   Level 1.0 Summonings
 + Level 1.9 Ice Magic


You had 3 spell levels left.
You knew the following spells:

 Your Spells              Type           Power        Failure   Level
a - Freeze                Ice            #...         11%         1

Your spell library contained the following spells:

 Spells                   Type           Power        Failure   Level
 Magic Dart               Conj           #...         26%         1
 Call Imp                 Summ           #.......     26%         2
 Frozen Ramparts          Ice            #.....       32%         3
 Blink                    Tloc           N/A          36%         2
 Slow                     Hex            #.......     36%         2
 Conjure Flame            Conj/Fire      #.......     58%         3
 Mephitic Cloud           Conj/Pois/Air  #.......     58%         3


Dungeon Overview and Level Annotations

Branches:
Dungeon (1/15)

Altars:


Message History

The ooze is moderately wounded.
The ooze hits you.
Casting: Freeze (safe; 11% risk of failure)
Confirm with . or Enter, or press ? or * to list all spells.
Aiming: Freeze (safe; 11% risk of failure)
Press: ? - help, Shift-Dir - straight line, f/p - ooze
Aim: an ooze (moderately wounded)
You freeze the ooze.
The ooze is severely wounded.
The ooze hits you.
* * * LOW HITPOINT WARNING * * *
Casting: Freeze (safe; 11% risk of failure)
Confirm with . or Enter, or press ? or * to list all spells.
Aiming: Freeze (safe; 11% risk of failure)
Press: ? - help, Shift-Dir - straight line, f/p - ooze
Aim: an ooze (severely wounded)
You freeze the ooze.
The ooze is almost dead.
The ooze hits you.
You die...

#.#.#........#.##
#.....##.........
..............[.......
.############.........
#<######.###.........
##.....##..#)........
#...................
#...J.......########
##..@#...#...#
#>##.##.#..#.#
############.# ...
.###


You could see an ooze.

Vanquished Creatures
  A kobold (D:1)
  3 goblins (D:1)
4 creatures vanquished.

Notes
Turn   | Place    | Note
-------+----------+-------------------------------------------
     0 | D:1      | jt the Demonspawn Wanderer began the quest for the Orb.
     0 | D:1      | jt set off with the following items: a +0 dagger, a potion
                  | of lignification, a +0 robe; and the following spells
                  | available to memorise: Freeze, Magic Dart, Call Imp, Blink,
                  | Slow, Frozen Ramparts, Conjure Flame, Mephitic Cloud
     0 | D:1      | Reached XP level 1. HP: 15/15 MP: 3/3
     2 | D:1      | Learned a level 1 spell: Freeze
   122 | D:1      | Slain by an ooze

Illustrated notes

Levels and vault maps discovered:
D:1:      minmay_arrival_jagged, layout_basic

Action                   || total
-------------------------++-------
Melee: Dagger            ||     8
 Cast: Freeze            ||     8
Armor: Robe              ||     1
Dodge: Dodged            ||     7

Table legend: (Time is in decaauts)
 A = Elapsed time spent in this place.
 B = Non-inter-level travel time spent in this place.
 C = Inter-level travel time spent in this place.
 D = Time resting spent in this place.
 E = Time spent auto-exploring this place.
 F = Levels seen in this place.
 G = Mean time per level.
                   A        B        C        D        E       F      G
               +--------+--------+--------+--------+--------+-----+--------+
         Total |    121 |    121 |      0 |     22 |     18 |   1 |  121.0 |
       Dungeon |    121 |    121 |      0 |     22 |     18 |   1 |  121.0 |
               +--------+--------+--------+--------+--------+-----+--------+

Top non-repeatable levels by time:
     D:1: 121 daAuts
